Ranmin, chaotic female elven Ranger --- --------- ---.---- |....... |......-- |....... .......| -.....- -.^....| -...| |.....- | -----------.<.| --------..[.- |.................--- --.|..|...--@| -- -----------[...| |.....|.---|.| --.....---- |.......-- |d| |.........| |........| |G| |-........|---.|......--|(| |.........||...|.......||G- --...--..---.--|......--|. --..|---|...| --....-- |. |..|.--|...| --...- |. ---.....--.--- --...| -- -..........| |...| |...---......| |..-- |.. --.--..| ---- --- ------- Ranmin the Tenderfoot Experience level: 1 Strength: 15 Dexterity: 9 Constitution: 16 Intelligence: 15 Wisdom: 12 Charisma: 7 Health: 0(13) Energy: 7(7) Def: 15 Gold: 452 Moves: 3585 Dungeon seed: ajkB_5UbiwNyYmeo Game ID: Ranmin_1641304197 Your Inventory: Weapons d - an uncursed +1 elven dagger (alternate weapon; not wielded) e - an uncursed +1 elven bow h - 23 uncursed +0 darts k - an uncursed +0 orcish dagger (weapon in hand) t - an uncursed +0 elven dagger H - an uncursed +0 elven bow M - 58 uncursed +2 elven arrows O - 6 uncursed +0 daggers P - 39 uncursed +0 elven arrows (in quiver) Q - 2 uncursed +0 arrows T - an uncursed +0 axe U - an uncursed +0 dwarvish short sword V - 13 cursed +0 crossbow bolts W - 5 cursed -1 daggers X - an uncursed +0 dwarvish spear Armor a - an uncursed +0 dwarvish iron helm (being worn) b - a blessed burnt +2 elven cloak (being worn) c - an uncursed +0 dwarvish roundshield (being worn) g - an uncursed +0 pair of iron shoes (being worn) Z - an uncursed +0 dwarvish mithril-coat (being worn) Comestibles f - 2 uncursed lembas wafers L - an uncursed food ration Scrolls j - an uncursed scroll of fire l - an uncursed scroll of teleportation o - an uncursed scroll of identify A - an uncursed scroll of remove curse G - a cursed scroll of destroy armor Spellbooks B - an uncursed spellbook of cure sickness C - a blessed spellbook of stone to flesh D - an uncursed spellbook of knock S - an uncursed spellbook of jumping Potions i - an uncursed potion of hallucination w - an uncursed potion of levitation x - 2 uncursed potions of sleeping Rings p - a blessed +4 ring of searching F - an uncursed ring of stealth Wands u - an uncursed wand of lightning (0:7) E - an uncursed wand of polymorph (0:7) Tools m - 8 uncursed tallow candles (0:200) s - an uncursed stethoscope v - an uncursed +0 pick-axe z - 5 cursed tallow candles (0:200) Gems q - an uncursed garnet stone y - an uncursed worthless piece of white glass N - 4 uncursed worthless pieces of green glass Y - an uncursed worthless piece of red glass Coins $ - 452 gold pieces Spells and supernatural/magical abilities: Name Level Category Cost Memory W - pray for help -- divine ? -- Your skills at the end: Fighting Skills wands [Basic] Weapon Skills dagger [Basic] bow [Basic] Spellcasting Skills Final Attributes: You were devoutly aligned. You were immune to sleep. You saw invisible. You had automatic searching. You had infravision. You were stealthy. Mars was noncommittal. You are dead. Vanquished creatures: a gnome king a wood nymph a rock mole 3 gnome lords 4 giant ants 4 dwarves an iguana an acid blob a hobbit a hobgoblin a giant rat a brown mold a red mold 13 gnomes a garter snake a gnome zombie 2 geckos 15 jackals 2 goblins 7 sewer rats 5 grid bugs 5 lichens a kobold zombie 14 newts 87 creatures vanquished. Voluntary challenges: You used a wielded weapon 2 times, starting on turn 630. You read items or engraved 2 times, starting on turn 1453. You never genocided any monsters. You never polymorphed an object. You never changed form. You used no wishes. You never split a pudding. You wrote Elbereth's name 1 time, starting on turn 1459. You never violated your personal moral code. Dungeon overview: The Dungeons of Doom: levels 1 to 6 Level 1 an altar to Mars, a vault a long staircase Level 2 stairs to The Gnomish Mines Level 3 a fountain Level 4 a fountain Level 5 a fountain, a sink Level 6 The Gnomish Mines: levels 3 to 4 Level 3 stairs to The Dungeons of Doom Level 4 <- You were here History has recorded: On T:1 you entered the Dungeons of Doom to retrieve the Amulet of Yendor! On T:207 you reached level 2 of The Dungeons of Doom. On T:845 you reached level 1 of The Gnomish Mines. On T:976 you reached level 3 of The Dungeons of Doom. On T:1323 you reached level 4 of The Dungeons of Doom. On T:1901 you reached level 5 of The Dungeons of Doom. On T:2557 you reached level 6 of The Dungeons of Doom. On T:3498 you reached level 2 of The Gnomish Mines. Score breakdown: Gold: 452 ( 9035 points) Experience: 1 level ( 0 points) Exploration: 6 levels ( 12.24%) ( 9682 points) Discoveries: 3 items ( 1.02%) ( 3025 points) Valuables value: (no points given unless you survive) Artifact value: 0 ( 0 points) Variety of kills: 24 monsters ( 6.32%) ( 7539 points) Turncount: 3585 turns ( -863 points) Survival: died (score multiplied by 80%) Total score: 22734 Latest messages: The gnome queen wields a dagger! You have a little trouble lifting h - an uncursed dart. Sirius bites the gnome queen. The gnome queen thrusts her dagger at Sirius. The gnome queen hits Sirius. The gnome queen thrusts her dagger at Sirius. The gnome queen hits Sirius. Sirius bites the gnome queen. The gnome queen thrusts her dagger at Sirius. The gnome queen misses Sirius. Sirius bites the gnome queen. The gnome queen thrusts her dagger at Sirius. The gnome queen misses Sirius. The gnome queen thrusts her dagger at Sirius. The gnome queen misses Sirius. Sirius bites the gnome queen. [2 turns] You see here 5 darts. Sirius bites the gnome queen. The gnome queen thrusts her dagger at Sirius. The gnome queen hits Sirius. The gnome queen zaps an oak wand! The bolt of fire whizzes by Sirius! The bolt of fire hits you! Your cloak smoulders! You die... Final status: Goodbye Ranmin the Ranger, killed by a bolt of fire... You died in The Gnomish Mines on dungeon level 4 with 22734 points, and 452 pieces of gold, after 3585 moves. You were level 1 with a maximum of 13 hit points when you died.